 Dungeon Crawl Stone Soup version 0.29-a0-925-g0a7a3d12f8 (webtiles) character file.

Game seed: 17143289776610523352

165 Sabo the Digger (level 5, 0/28 HPs)
             Began as a Gargoyle Earth Elementalist on July 29, 2022.
             Blown up by Ijyb (10 damage)
             ... with a mindburst bolt
             ... on level 3 of the Dungeon.
             The game lasted 00:20:58 (4019 turns).

Sabo the Digger (Gargoyle Earth Elementalist)       Turns: 4019, Time: 00:20:58

Health: 0/28       AC:  9    Str: 12    XL:     5   Next: 46%
Magic:  10/10      EV: 12    Int: 17    God:
Gold:   78         SH:  0    Dex: 10    Spells: 10/11 levels left

rFire   . . .      SeeInvis .   k - +2 short sword (venom)
rCold   . . .      Faith    .   e - orb {light}
rNeg    + . .      Spirit   .   a - +0 robe
rPois   ∞          Reflect  .   (no helmet)
rElec   +          Harm     .   t - +2 cloak
rCorr   .          Rampage  .   (no gloves)
Will    .....                   (no boots)
Stlth   +.........              (no amulet)
HPRegen 0.09/turn               (no ring)
MPRegen 0.12/turn               (no ring)

@: glowing
A: sickness immunity, AC +4, negative energy resistance 1, electricity
resistance, torment resistance 1, petrification resistance
a: no special abilities


You were on level 3 of the Dungeon.
You visited 1 branch of the dungeon, and saw 3 of its levels.

You collected 78 gold pieces.

Inventory:

Hand Weapons
 c - a +0 sling
 d - a +0 dagger
 k - a +2 short sword of venom (weapon)
 l - a +2 spectral club
 s - a +2 quarterstaff of chaos
Missiles
 g - 3 boomerangs
 j - 4 poisoned darts (quivered)
Armour
 a - a +0 robe (worn)
 e - an orb of light (worn)
 t - a +2 cloak (worn)
Wands
 u - a wand of roots (5)
Scrolls
 i - a scroll of fear
 m - a scroll of summoning
 r - a scroll of teleportation
Potions
 b - 4 potions of magic
 f - a potion of mutation {unknown}
 h - a potion of berserk rage {unknown}
 n - a potion of curing {unknown}
 o - a potion of flight {unknown}
 p - a potion of degeneration {unknown}
 q - a potion of resistance {unknown}


   Skills:
 + Level 1.7 Dodging
 + Level 2.5 Stealth
 + Level 3.8 Spellcasting
 + Level 0.7 Transmutations
 + Level 5.4 Earth Magic


You had 10 spell levels left.
You knew the following spells:

 Your Spells              Type           Power      Damage    Failure   Level
a - Sandblast             Erth           42%        2d11      1%          1

Your spell library contained the following spells:

 Spells                   Type           Power      Damage    Failure   Level
 Passwall                 Tmut/Erth      10%        N/A       7%          2
 Stone Arrow              Conj/Erth      24%        3d8       16%         3
 Petrify                  Tmut/Erth      13%        N/A       41%         4
 Tukima's Dance           Hex            3%         N/A       43%         3
 Passage of Golubria      Tloc           3%         N/A       85%         4
 Yara's Violent Unravell  Hex/Tmut       2%         3d3       98%         5


Dungeon Overview and Level Annotations

Branches:
Dungeon (3/15)

Altars:
Qazlal

Shops:
D:1 [

Annotations:
D:3 Ijyb


Innate Abilities, Weirdness & Mutations

You are immune to sickness and miasma.
Your stone body is resilient. (AC +4)
You are immune to poison.
You resist negative energy. (rN+)
You are resistant to electric shocks. (rElec)
You are resistant to unholy torment.
You are immune to petrification.


Message History

You now have 78 gold pieces (gained 10).
A hobgoblin comes into view.
You completely miss the hobgoblin. The hobgoblin completely misses you.
You barely miss the hobgoblin.
The hobgoblin hits you but does no damage.
Casting: Sandblast (safe; 1% risk of failure)
Confirm with . or Enter, or press ? or * to list all spells.
Aiming: Sandblast (safe; 1% risk of failure)
Press: ? - help, Shift-Dir - straight line, f - hobgoblin
Aim: a hobgoblin (haloed, 87% to hit)
The blast of sand hits the hobgoblin!
You kill the hobgoblin!
You start resting.
Magic restored.
You start waiting.
You see here a +0 robe.
Found an escape hatch in the floor.
Found a stormy altar of Qazlal.
Sorry, you're not good enough to have a special ability.
Unknown command.
Found an escape hatch in the floor.
A ball python comes into view.
You hit the ball python.
The ball python is poisoned.
The ball python is heavily wounded.
The ball python bites you but does no damage.
The ball python grabs you. The ball python constricts you.
The ball python bites you but does no damage.
The ball python constricts you.
You hit the ball python.
You kill the ball python!
You see here a ball python corpse.
You start waiting.
Done waiting.
Ijyb the Twisted Goblin comes into view.
She is wielding a +0 club and carrying a wand of mindburst (14).
Ijyb shouts!
Ijyb zaps a wand.
Your mind is blasted!
Ouch! That really hurt!
Ijyb zaps a wand.
You barely resist.
Ijyb zaps a wand.
Your mind is blasted!
You die...

........#....#....# #.......
............†#....# ... #.......
..................# .g.. #####...
..................##.... #.#.
.....§....≈§≈.......... ...#.
.....§≈≈≈≈§§§≈.......#. #.....#.
....§§≈≈§§§≈≈≈.......# #.... #.
...≈§≈§§._§≈§.....##.# #.....#.
...≈≈§≈≈§8§≈.§§.@....##........#.
.##.≈.≈§§≈≈§....#....##........#.
.##..§≈≈≈≈≈§§§§.#....##........#.
..#....§.≈≈§§....................
..#...§§.≈≈..........##...##.....
..#...........§......#...........
..#........)##+#.................
..#..........# ..................
..#..........# #.....#.##########


You could see Ijyb.

Vanquished Creatures
  Crazy Yiuf (D:2)
  Jessica (D:2)
  6 adders
  2 worms (D:3)
  2 dart slugs (D:1)
  An orc (D:3)
  4 ball pythons
  6 bats
  4 endoplasms
  5 goblins
  2 hobgoblins
  2 quokkas (D:1)
  3 frilled lizards
  5 kobolds
  4 rats
48 creatures vanquished.

Notes
Turn   | Place    | Note
-------+----------+-------------------------------------------
     0 | D:1      | Sabo the Gargoyle Earth Elementalist began the quest for
                  | the Orb.
     0 | D:1      | Reached XP level 1. HP: 10/10 MP: 3/3
   387 | D:1      | Reached skill level 4 in Earth Magic
   431 | D:1      | Reached XP level 2. HP: 15/15 MP: 3/5
  1184 | D:1      | Found Iwasm's Antique Armour Shoppe.
  1199 | D:1      | Reached XP level 3. HP: 19/19 MP: 4/6
  1746 | D:2      | Noticed Jessica
  1747 | D:2      | Killed Jessica
  1802 | D:2      | Reached XP level 4. HP: 24/24 MP: 5/8
  1805 | D:2      | Reached skill level 5 in Earth Magic
  2037 | D:2      | Found a runed translucent door.
  3120 | D:2      | Noticed Crazy Yiuf
  3126 | D:2      | Killed Crazy Yiuf
  3127 | D:2      | Reached XP level 5. HP: 28/28 MP: 5/10
  3874 | D:3      | Found a stormy altar of Qazlal.
  4016 | D:3      | Noticed Ijyb
  4019 | D:3      | Blown up by Ijyb

Illustrated notes

Levels and vault maps discovered:
D:1:      onia_arrival_mini_spirals, layout_loops_ring, serial_shops,
          nicolae_shop_trees
D:2:      layout_basic, minivault_27, uniq_jessica, uniq_crazy_yiuf_cottage
D:3:      layout_basic, nicolae_qazlal_general_emergency,
          corexii_item_surrounded_by_moat, kennysheep_generic_room_14, uniq_ijyb

Skill      XL: |  1  2  3  4 |
---------------+-------------+-----
Earth Magic    | 4 5 |  5.4
Spellcasting   | 3 |  3.8
Dodging        | |  1.7
Stealth        | |  2.5
Transmutations | |  0.7

Action                   |  1- 3 |  4- 6 || total
-------------------------+-------+-------++-------
Melee: Dagger            |     5 |       ||     5
       Club              |     3 |     3 ||     6
       Short sword       |       |     4 ||     4
 Cast: Sandblast         |    26 |    39 ||    65
  Use: Scroll            |     1 |     7 ||     8
 Stab: Sleeping          |     1 |       ||     1
Armor: Robe              |     3 |     7 ||    10
Dodge: Dodged            |    11 |    16 ||    27

Table legend: (Time is in decaauts)
 A = Elapsed time spent in this place.
 B = Non-inter-level travel time spent in this place.
 C = Inter-level travel time spent in this place.
 D = Time resting spent in this place.
 E = Time spent auto-exploring this place.
 F = Levels seen in this place.
 G = Mean time per level.
                   A        B        C        D        E       F      G
               +--------+--------+--------+--------+--------+-----+--------+
         Total |   4084 |   4084 |      0 |   1974 |      0 |   3 | 1361.3 |
       Dungeon |   4084 |   4084 |      0 |   1974 |      0 |   3 | 1361.3 |
               +--------+--------+--------+--------+--------+-----+--------+

Top non-repeatable levels by time:
     D:1: 1767 daAuts
     D:2: 1486 daAuts
     D:3: 830 daAuts
